Map: Newkirk Precinct TE (Void)

Players

Zibbles - Winner!

  • Race: Terran Terran
  • League: Silver
  • Spawn Location: 7:00

Fropez

  • Race: Protoss Protoss
  • League: Gold
  • Spawn Location: 5:00

VOD

Have the link to the VOD?

Description

Time

  • Played on: Nov. 30, 2016, 2:29 p.m.
  • Length: 14:46
Show
View Real Time Build Order
Export as new Build Order

Zibbles Terran - Winner!

Build Orders: MMM Bio 

Get SALT Encoding   

  12  0:01  SCV  
  13  0:13  SCV  
  14  0:20  Supply Depot  
  14  0:25  SCV  
  15  0:41  SCV  
  16  0:43  Barracks  
  16  0:54  SCV  
  17  1:04  Supply Depot  
  17  1:06  SCV  
  18  1:18  SCV  
  19  1:30  Orbital Command  
  19  1:32  Marine  
  20  1:42  Command Center  
  20  1:49  Marine  
  21  2:02  Refinery  
  21  2:03  Refinery  
  21  2:12  Marine  
  21  2:14  SCV  
  23  2:22  Barracks  
  23  2:33  Marine  
  23  2:35  SCV  
  25  2:46  Engineering Bay, Barracks  
  25  2:48  SCV, Engineering Bay  
  25  2:49  Barracks  
  26  2:58  Orbital Command  
  26  3:02  Marine  
  27  3:11  Barracks Tech Lab  
  27  3:13  SCV  
  28  3:32  SCV  
  29  3:34  Terran Infantry Weapons Level 1  
  29  3:39  Orbital Command  
  29  3:41  Marine x3  
  29  3:42  Marine  
  33  3:52  Terran Infantry Armor Level 1  
  33  3:59  Barracks Tech Lab  
  33  4:03  Barracks Reactor  
  33  4:04  Marine x2  
  33  4:05  SCV x2  
  37  4:17  SCV  
  37  4:18  Command Center  
  37  4:19  Marine  
  37  4:21  Combat Shields  
  37  4:23  Marine x2  
  41  4:32  SCV x2  
  41  4:37  Marine  
  44  4:41  Barracks Reactor  
  44  4:42  Refinery  
  44  4:44  SCV x2, Refinery  
  46  4:55  Missile Turret  
  46  4:59  Missile Turret  
  46  5:11  Marine x4, SCV x2  
  52  5:17  Stimpack  
  52  5:22  Marine x2  
  54  5:29  Marine x3, SCV x2  
  54  5:31  Orbital Command  
  54  5:34  Marine  
  60  5:41  SCV x2  
  62  5:46  Marine  
  62  5:47  Marine  
  64  5:53  Factory  
  64  5:54  Marine x2  
  64  5:55  Marine  
  67  5:58  SCV  
  67  6:00  SCV  
  69  6:38  Factory Tech Lab  
  69  6:42  Starport  
  69  6:46  Orbital Command  
  69  6:52  Marine  
  69  6:53  Marine, SCV  
  69  6:54  Marine x2, SCV  
  68  6:55  Marine x2  
  58  7:05  SCV  
  54  7:09  Siege Tank  
  54  7:10  Marine  
  54  7:11  Marine x2  
  54  7:12  Marine  
  54  7:13  Marine x2  
  57  7:28  Marine  
  57  7:29  Marine x3  
  56  7:30  Marine  
  56  7:31  Marine  
  59  7:38  Starport Reactor  
  59  7:41  Siege Tank  
  59  7:42  Supply Depot  
  56  7:46  Marine x2  
  56  7:47  Marine x2  
  56  7:48  Marine  
  49  8:02  Marine  
  49  8:04  Marine x2, SCV x2  
  49  8:05  Marine x2  
  54  8:09  Marine  
  56  8:14  Siege Tank  
  56  8:15  Medivac  
  56  8:17  Medivac  
  63  8:20  Marine, Fusion Core  
  63  8:22  Marine x2  
  63  8:23  Marine x2  
  63  8:26  Marine  
  69  8:38  Marine  
  69  8:39  Marine  
  67  8:45  SCV x2, Medivac  
  67  8:47  Medivac  
  73  8:51  Marine x3  
  73  8:52  Marine  
  73  8:53  Armory  
  77  9:03  Orbital Command  
  77  9:10  Supply Depot  
  77  9:16  Supply Depot  
  77  9:17  Supply Depot x2  
  77  9:31  Marine x4, Medivac x2  
  77  9:37  Marine, SCV x3, Siege Tank  
  92  9:50  SCV  
  92  9:52  Refinery  
  93  9:55  Marine x6  
  93  9:56  Refinery  
  94  10:10  Siege Tank  
  94  10:13  Marine x2  
  97  10:14  Marine  
  97  10:15  Marine x3  
  101  10:30  Marine x2  
  101  10:32  Marine  
  104  10:40  Marine x3  
  107  10:48  Marine x2  
  109  10:53  Marine  
  107  10:57  Siege Tank  
  107  10:58  Marine x2  
  107  11:02  Marine  
  108  11:06  Marine x2  
  106  11:11  Marine  
  106  11:15  Marine  
  106  11:16  Marine  
  104  11:20  Marine  
  94  11:27  Marine x2  
  81  11:39  Marine  
  70  11:40  Marine x3  
  70  11:42  Hellion  
  70  11:45  Marine x2  
  69  11:57  Marine  
  67  12:03  Hellion  
  62  12:25  Hellion  
  61  12:30  Marine  
  61  12:31  Marine x5  
  66  12:48  Marine x2  
  66  12:49  Marine  
Show
View Real Time Build Order
Export as new Build Order

Fropez Protoss 

Build Orders: 1 Gate Expand 

Get SALT Encoding   

  12  0:01  Probe (Chrono Boost)  
  13  0:15  Pylon  
  13  0:23  Probe (Chrono Boost)  
  14  0:38  Gateway  
  14  0:40  Probe (Chrono Boost)  
  15  0:50  Probe (Chrono Boost)  
  15  0:55  Assimilator  
  16  1:01  Probe (Chrono Boost)  
  17  1:25  Nexus  
  17  1:28  Probe (Chrono Boost)  
  18  1:46  Pylon  
  18  1:48  Cybernetics Core  
  18  1:49  Probe (Chrono Boost)  
  19  2:00  Probe (Chrono Boost)  
  20  2:07  Pylon  
  19  2:15  Probe (Chrono Boost)  
  20  2:37  Forge, Stalker  
  20  2:41  Pylon  
  22  2:49  Assimilator  
  22  2:50  Mothership Core (Chrono Boost)  
  24  3:21  Probe (Chrono Boost)  
  24  3:26  Protoss Ground Weapons Level 1 (Chrono Boost)  
  25  3:28  Probe (Chrono Boost)  
  25  3:32  Probe (Chrono Boost)  
  27  3:39  Probe (Chrono Boost)  
  27  3:41  Gateway  
  28  3:42  Gateway  
  29  3:48  Probe (Chrono Boost)  
  29  3:49  Probe (Chrono Boost)  
  29  3:51  Stalker  
  29  3:52  Assimilator  
  29  3:55  Pylon  
  32  3:59  Probe (Chrono Boost)  
  33  4:10  Pylon, Probe x2 (Chrono Boost)  
  33  4:12  Warp Gate (Chrono Boost)  
  35  4:21  Pylon  
  35  4:22  Probe x2  
  37  4:34  Probe, Stalker x2  
  37  4:38  Stalker  
  44  4:42  Probe  
  45  4:46  Probe  
  46  4:53  Pylon  
  46  4:57  Pylon  
  46  4:59  Probe  
  48  5:00  Probe  
  47  5:07  Adept  
  47  5:09  Adept  
  51  5:17  Twilight Council, Probe  
  51  5:19  Probe  
  53  5:29  Protoss Ground Armor Level 1  
  53  5:39  Adept x3  
  59  5:43  Probe  
  59  5:46  Pylon  
  59  5:49  Probe  
  61  5:50  Pylon  
  61  5:55  Probe  
  62  5:58  Photon Cannon  
  62  6:04  Assimilator  
  62  6:13  Probe  
  62  6:16  Resonating Glaives (Chrono Boost)  
  63  6:24  Photon Cannon  
  63  6:28  Photon Cannon  
  63  6:34  Adept x2  
  63  6:35  Adept  
  63  6:36  Photon Cannon  
  63  6:37  Probe x2  
  71  6:49  Probe  
  72  7:01  Adept x3  
  62  8:02  Robotics Facility  
  62  8:04  Gateway  
  58  8:06  Gateway, Protoss Ground Weapons Level 2  
  58  8:09  Gateway  
  58  8:10  Gateway  
  58  8:11  Gateway  
  58  8:20  Stalker x3  
  58  8:23  Nexus  
  64  8:28  Assimilator  
  64  8:32  Assimilator  
  64  8:35  Pylon, Probe  
  64  8:37  Robotics Facility  
  64  8:38  Charge (Chrono Boost)  
  64  8:40  Pylon  
  64  8:41  Pylon  
  53  8:45  Pylon  
  53  8:48  Pylon  
  53  8:51  Adept x3  
  59  9:06  Photon Cannon  
  59  9:11  Probe, Photon Cannon  
  59  9:16  Pylon  
  60  9:18  Warp Prism  
  62  9:27  Pylon  
  62  9:29  Pylon  
  62  9:32  Pylon  
  62  9:34  Adept  
  64  9:42  Warp Prism  
  66  10:04  Photon Cannon  
  66  10:06  Adept x3  
  66  10:07  Adept x2  
  64  10:18  Adept  
  64  10:19  Adept  
  68  10:21  Pylon  
  68  10:23  Pylon  
  68  10:33  Adept x2  
  72  10:41  Adept  
  74  10:48  Adept  
  74  10:49  Adept  
  78  10:50  Adept  
  80  10:59  Adept x2  
  80  11:00  Adept  
  86  11:15  Adept x4  
  74  11:36  Adept x4  
  74  11:37  Adept x2  
  38  12:16  Adept x3  
  38  12:17  Adept x2  
  46  12:36  Stalker  
  46  12:37  Stalker  
  41  13:20  Pylon  
  40  13:37  Pylon  
Tags
 
Composition
MMM Bio
Matchup
PvT
Replay Pack
All Mines
Spawn Locations
Close Positions
Add a new tag
Caveats
  • Supply blocks, unpowered buildings, or Contaminate may cause inaccurate times.
  • Supply counts are checked every 10 seconds.